 Dungeon Crawl Stone Soup version 0.31.0-32-g396128a36d (webtiles) character file.

Game seed: 16160029360597579759

3246 GiantSquids the Cleaver (level 9, -1/108 (124) HPs)
             Began as a Hill Orc Berserker on Apr 19, 2024.
             Was an Elder of Trog.
             Slain by a wight
             ... wielding a +5 halberd
              (14 damage)
             ... on level 7 of the Dungeon.
             The game lasted 00:16:29 (6460 turns).

GiantSquids the Cleaver (Hill Orc Berserker)        Turns: 6460, Time: 00:16:30

HP:   -1/108 (124)  AC: 13    Str: 24    XL:     9   Next: 99%
MP:   9/9           EV:  7    Int:  7    God:    Trog [****..]
Gold: 235           SH:  0    Dex: 10    Spells: 8/8 levels left

rFire   + . .        a - +0 hand axe
rCold   . . .        (no shield)
rNeg    + . .        z - +0 plate armour
rPois   .            (no helmet)
rElec   .            (no cloak)
rCorr   .            l - +0 pair of gloves
SInv    .            (no boots)
Will    .....        (no amulet) Stlth
                     h - ring of positive energy
HPRegen 0.38/turn    p - ring of protection from fire
MPRegen 0.11/turn

%: no passive effects
@: berserking, heavily drained, very quick
A: no striking features
a: Renounce Religion, Berserk, Trog's Hand, Brothers in Arms


You were on level 7 of the Dungeon.
You worshipped Trog.
Trog was greatly pleased with you.
You visited 1 branch of the dungeon, and saw 7 of its levels.

You collected 235 gold pieces.

Inventory:

Hand Weapons
 a - a +0 hand axe (weapon)
Missiles
 v - 10 poisoned darts (quivered)
Armour
 l - a +0 pair of gloves (worn)
 z - a +0 plate armour (worn)
Jewellery
 e - an amulet of magic regeneration
 h - a ring of positive energy (left hand)
 p - a ring of protection from fire (right hand)
 D - an amulet of regeneration
Wands
 b - a wand of roots (3)
 t - a wand of charming (9)
 y - a wand of flame (26)
 C - a wand of quicksilver (4)
Scrolls
 d - a scroll of vulnerability {unknown}
 f - 5 scrolls of teleportation {unknown}
 i - 4 scrolls of identify {unknown}
 k - 2 scrolls of amnesia {unknown}
 q - 2 scrolls of butterflies {unknown}
 r - a scroll of revelation {unknown}
 u - 2 scrolls of silence {unknown}
 w - 2 scrolls of enchant armour {unknown}
 x - a scroll of fog {unknown}
 A - a scroll of poison {unknown}
Potions
 c - a potion of invisibility {unknown}
 g - a potion of attraction {unknown}
 j - a potion of heal wounds {unknown}
 m - a potion of lignification {unknown}
 n - 3 potions of curing {unknown}
 o - a potion of haste {unknown}
 s - a potion of ambrosia {unknown}
 B - a potion of brilliance {unknown}


   Skills:
 - Level 9.0 Fighting
 * Level 14.3 Axes
 - Level 6.0 Armour
 - Level 1.5 Dodging


You had 8 spell levels left.
You didn't know any spells.
Your spell library was empty.

Dungeon Overview and Level Annotations

Branches:
Dungeon (7/15)             Temple (0/1) D:4

Altars:
Ashenzari
Elyvilon
Fedhas
Gozag
Hepliaklqana
Okawaru
Qazlal
Xom
Zin
The Shining One

Shops:
D:4 [

Annotations:
D:3 2 transporters, melchizedek's ghost, amateur OpSh


Message History

a +4 spear; a +0 robe A wight is nearby! 2 wights come into view.
Found a scroll labelled ZACZOPS TYLEGG and a sling.
The wight hits you but does no damage.
The wight hits you from afar with a +5 halberd!
* * * LOW HITPOINT WARNING * * *
You partially resist.
You feel drained.
* * * LOW HITPOINT WARNING * * *
A red film seems to cover your vision as you go berserk!
You feel yourself moving faster!
You feel mighty!
The wight hits you with a +0 great sword.
* * * LOW HITPOINT WARNING * * *
The wight hits you but does no damage.
You closely miss the wight. You slash the wight!
The wight is heavily damaged.
The wight hits you with a +0 great sword.
* * * LOW HITPOINT WARNING * * *
You partially resist.
You feel drained.
The wight hits you from afar with a +5 halberd.
* * * LOW HITPOINT WARNING * * *
You partially resist.
You feel drained.
You closely miss the wight.
The wight is heavily damaged.
You slash the wight! You closely miss the wight.
The wight is heavily damaged.
You hit the wight. The wight barely misses you.
The wight hits you with a +0 great sword.
* * * LOW HITPOINT WARNING * * *
The wight hits you but does no damage.
You slash the wight!
You destroy the wight!
Trog accepts your kill.
You hit the wight. The wight hits you with a +0 flail.
* * * LOW HITPOINT WARNING * * *
You partially resist.
You feel drained. The wight hits you with a +5 halberd!
You die...

#####
.##########...).
#?.......#...#
#....z@z..#
#.######.#...#
#)# ## ## #)#
..##.# #.##.#
#.##.# #.##.# #
##.##.#


You could see 2 wights.

Vanquished Creatures
  Pikel (D:5)
  Maggie (D:6)
  Grinder (D:5)
  A steam dragon (D:6)
  2 water moccasins (D:5)
  2 black bears
  An ogre (D:5)
  3 phantoms
  3 lemures (D:5)
  Blork the orc (D:4)
  A bullfrog (D:7)
  4 scorpions
  3 wights (D:7)
  A howler monkey (D:5)
  A bombardier beetle (D:6)
  A jelly (D:6)
  5 orc priests
  5 hounds
  Jessica (D:2)
  Ijyb (D:5)
  5 iguanas
  2 sleepcaps
  3 orc wizards
  8 gnolls
  7 adders
  2 ufetubi
  6 dart slugs
  2 ribbon worms
  15 orcs
  7 ball pythons
  9 endoplasms
  3 giant cockroaches
  6 goblins
  5 hobgoblins
  8 jackals
  4 quokkas
  8 bats
  4 frilled lizards
  10 kobolds
  9 rats
162 creatures vanquished.

Vanquished Creatures (others)
  An angel (D:5)
  2 orcs (D:6)
3 creatures vanquished.

Grand Total: 165 creatures vanquished

Notes
Turn   | Place    | Note
-------+----------+-------------------------------------------
     0 | D:1      | GiantSquids the Hill Orc Berserker began the quest for the
                  | Orb.
     0 | D:1      | Reached XP level 1. HP: 19/19 MP: 1/1
   198 | D:1      | Reached XP level 2. HP: 27/27 MP: 2/2
   592 | D:1      | Reached ** piety under Trog
   593 | D:1      | Reached XP level 3. HP: 33/33 MP: 3/3
   602 | D:1      | Reached skill level 5 in Axes
   835 | D:1      | You fall into a shaft and drop 1 floor!
   872 | D:2      | Noticed Jessica
   893 | D:2      | Killed Jessica
   894 | D:2      | Reached XP level 4. HP: 16/40 MP: 4/4
  1018 | D:2      | Found a faded altar of an unknown god.
  1889 | D:3      | Noticed melchizedek's ghost (amateur OpSh)
  1889 | D:3      | Found a transporter.
  1918 | D:3      | Found a transporter.
  1940 | D:3      | Reached XP level 5. HP: 44/47 MP: 5/5
  1949 | D:3      | Reached skill level 6 in Axes
  2062 | D:3      | Reached *** piety under Trog
  2437 | D:4      | Found Wyiziregg's Armour Shoppe.
  2662 | D:4      | Reached skill level 5 in Fighting
  2662 | D:4      | Reached XP level 6. HP: 48/56 MP: 6/6
  2690 | D:4      | Found a staircase to the Ecumenical Temple.
  2698 | D:4      | Noticed Blork the orc
  2707 | D:4      | Killed Blork the orc
  2708 | D:4      | Reached skill level 7 in Axes
  2870 | D:4      | Found an iron altar of Okawaru.
  2897 | D:4      | Noticed a black bear
  2915 | D:4      | Killed a black bear
  3184 | D:4      | Reached XP level 7. HP: 61/61 MP: 7/7
  3515 | D:5      | Entered Level 5 of the Dungeon
  3530 | D:5      | HP: 2/61 [ogre/+0 giant club (19)]
  3532 | D:5      | Reached skill level 8 in Axes
  3990 | D:5      | Found an opulent altar of Gozag.
  4194 | D:5      | Killed an angel
  4284 | D:5      | Reached skill level 9 in Axes
  4284 | D:5      | Reached skill level 5 in Armour
  4302 | D:5      | Found a glowing golden altar of the Shining One.
  4318 | D:5      | Reached XP level 8. HP: 42/71 MP: 8/8
  4434 | D:5      | Noticed Grinder
  4451 | D:5      | Killed Grinder
  4565 | D:5      | Reached skill level 10 in Axes
  4952 | D:5      | Noticed Ijyb
  4969 | D:5      | Killed Ijyb
  4969 | D:5      | Reached **** piety under Trog
  5042 | D:5      | Noticed Pikel
  5058 | D:5      | Killed Pikel
  5059 | D:5      | Reached skill level 11 in Axes
  5059 | D:5      | Reached XP level 9. HP: 81/81 MP: 9/9
  5208 | D:5      | Found a shimmering altar of Xom.
  5209 | D:5      | Found a glowing silver altar of Zin.
  5454 | D:6      | Reached skill level 12 in Axes
  5743 | D:6      | Found a broken altar of Ashenzari.
  5755 | D:6      | Found a hazy altar of Hepliaklqana.
  5934 | D:6      | Noticed Maggie
  5964 | D:6      | Killed Maggie
  5965 | D:6      | Reached skill level 13 in Axes
  5973 | D:6      | Identified the +1 sling of Sharkskin {drain, rC+}
  6355 | D:6      | Found a stormy altar of Qazlal.
  6355 | D:6      | Found a blossoming altar of Fedhas.
  6356 | D:6      | Found a white marble altar of Elyvilon.
  6412 | D:7      | Reached skill level 14 in Axes
  6460 | D:7      | Slain by a wight

Illustrated notes

Levels and vault maps discovered:
D:1:      zaba_arrival_water, layout_basic, chequers_serial_rivers_room_b,
          amcnicky_mini_rare_corridor_liquid
D:2:      layout_loops_ring, dreamdust_ecumenical_altar_grove, minmay_tall_x,
          uniq_jessica
D:3:      layout_rooms, gammafunk_ghost_mausoleum
D:4:      layout_loops_ring, okawaru_ov_weapons_minmay,
          minmay_temple_entry_arrows, serial_shops, shop, st_stairs_3,
          uniq_blork_the_orc
D:5:      layout_gridville, grunt_temple_overflow_order_and_chaos_1,
          grunt_gozag_statues, mainiacjoe_overflow_chevrons,
          kennysheep_generic_room_4, uniq_grinder, uniq_ijyb, uniq_pikel
D:6:      layout_cave_pools, minitemple, gammafunk_temple_overflow_claw,
          uniq_maggie
D:7:      layout_loops_ring, eat_drink_and_be_merry_uskayaw,
          lemuel_crystal_altar, mainiacjoe_overflow_six_doors_small

Skill      XL: |  1  2  3  4  5  6  7  8  9 |
---------------+----------------------------+-----
Fighting       | 4 5 6 8 9 |  9.0
Axes           | 5 6 7 9 11 14 | 14.3
Armour         | 3 4 5 6 |  6.0
Dodging        | |  1.5

Action                     |  1- 3 |  4- 6 |  7- 9 || total
---------------------------+-------+-------+-------++-------
  Melee: Hand axe          |   108 |   206 |   368 ||   682
         Punch             |     2 |       |     3 ||     5
 Invoke: Berserk           |       |     1 |     5 ||     6
         Trog's Hand       |       |       |     1 ||     1
 Armour: Animal skin       |    68 |   124 |       ||   192
         Plate armour      |       |     2 |   345 ||   347
  Dodge: Dodged            |    75 |   133 |    87 ||   295
